 Dungeon Crawl Stone Soup version 0.29-a0-398-ge13fd1374b (webtiles) character file.

Game seed: 12601621462531538263

90306 porpoise the Fighter (level 16, -5/93 HPs)
             Began as a Vine Stalker Fighter on May 10, 2022.
             Was the Champion of Zin.
             Killed by divine providence
             ... invoked by a meliai
              (11 damage)
             ... on level 1 of the Spider Nest on May 13, 2022.
             The game lasted 02:38:14 (28865 turns).

porpoise the Fighter (Vine Stalker Fighter)        Turns: 28865, Time: 02:38:14

Health: -5/93      AC: 15    Str: 20    XL:     16   Next: 0%
Magic:  0/35       EV: 14    Int:  8    God:    Zin [******]
Gold:   1721       SH:  7    Dex: 21    Spells: 15/15 levels left

rFire   + . .      SeeInvis .   b - +0 hunting sling (elec)
rCold   . . .      Faith    .   c - +1 buckler
rNeg    . . .      Spirit   +   D - +2 scale mail {rF+}
rPois   +          Reflect  .   O - +1 hat
rElec   .          Harm     .   T - +2 cloak
rCorr   .          Rampage  .   i - +0 pair of gloves
Will    ++...                   (no boots)
Stlth   ++++......              t - amulet of regeneration
HPRegen 1.85/turn               y - ring of magical power
MPRegen 0.24/turn               d - ring of poison resistance

@: no status effects
A: fangs 3, regeneration 1, magic shield, antimagic bite, no potion heal 2
a: Renounce Religion, Recite, Vitalisation, Imprison, Sanctuary, Donate Gold


You were on level 1 of the Spider Nest.
You worshipped Zin.
Zin was exalted by your worship.
You visited 5 branches of the dungeon, and saw 24 of its levels.
You also visited: Gauntlet.

You collected 2358 gold pieces.
You spent 468 gold pieces at shops.
You donated 169 gold pieces to Zin.

Inventory:

Hand Weapons
 a - a +2 dagger of electrocution
 b - a +0 hunting sling of electrocution (weapon)
 w - a +3 scimitar of flaming
Missiles
 e - 8 boomerangs
 J - 6 curare-tipped darts
Armour
 c - a +1 buckler (worn)
 i - a +0 pair of gloves (worn)
 D - a +2 scale mail of fire resistance (worn)
 O - a +1 hat (worn)
 T - a +2 cloak (worn)
Jewellery
 d - a ring of poison resistance (right hand)
 o - a ring of willpower
 t - an amulet of regeneration (around neck)
 x - a ring of resist corrosion
 y - a ring of magical power (left hand)
 E - a ring of protection from cold
 F - a ring of see invisible
 I - a ring of positive energy
Wands
 h - a wand of mindburst (4)
 j - a wand of iceblast (7)
 A - a wand of paralysis (13)
 C - a wand of digging (4)
 Y - a wand of flame (10)
Scrolls
 g - 4 scrolls of teleportation
 p - 4 scrolls of fear
 q - 7 scrolls of identify
 N - a scroll of fog
Potions
 f - 3 potions of flight
 l - 11 potions of curing
 m - 3 potions of might
 s - a potion of magic
 z - 4 potions of resistance
 L - a potion of attraction
 Q - a potion of invisibility
 X - 4 potions of ambrosia
 Z - a potion of haste
Miscellaneous
 k - a phial of floods
 P - a lightning rod (4/4)


   Skills:
 - Level 14.0 Fighting
 - Level 10.0(10.4) Short Blades
 - Level 4.7(8.0) Long Blades
 - Level 7.0 Armour
 - Level 7.0 Dodging
 - Level 12.0 Stealth
 + Level 6.1 Shields
 + Level 13.2 Invocations
 - Level 5.0 Evocations


You had 15 spell levels left.
You didn't know any spells.
Your spell library contained the following spells:

 Spells                   Type           Power      Damage    Failure   Level
 Animate Skeleton         Necr           0%         N/A       80%         1
 Apportation              Tloc           0%         N/A       80%         1
 Freeze                   Ice            0%         1d3       80%         1
 Summon Small Mammal      Summ           0%         N/A       80%         1
 Blink                    Tloc           0%         N/A       91%         2
 Ensorcelled Hibernation  Hex/Ice        0%         N/A       91%         2
 Passwall                 Tmut/Erth      0%         N/A       91%         2
 Dazzling Flash           Conj/Hex       0%         N/A       99%         3
 Frozen Ramparts          Ice            0%         1d2       99%         3
 Ignite Poison            Fire/Tmut/Pois 0%         N/A       99%         3
 Lesser Beckoning         Tloc           0%         N/A       99%         3
 Mephitic Cloud           Conj/Pois/Air  0%         N/A       99%         3
 Swiftness                Air            0%         N/A       99%         3
 Tukima's Dance           Hex            0%         N/A       99%         3
 Anguish                  Hex/Necr       0%         N/A       100%        4
 Hailstorm                Conj/Ice       0%         3d3       100%        4
 Ice Form                 Ice/Tmut       0%         N/A       100%        4
 Iskenderun's Mystic Bla  Conj/Tloc      0%         2d3       100%        4
 Summon Ice Beast         Ice/Summ       0%         N/A       100%        4
 Freezing Cloud           Conj/Ice/Air   0%         6-21      100%        5
 Manifold Assault         Tloc           0%         N/A       100%        5
 Summon Forest            Summ/Tloc      0%         N/A       100%        5
 Summon Mana Viper        Hex/Summ       0%         N/A       100%        5
 Simulacrum               Ice/Necr       0%         N/A       100%        6
 Starburst                Conj/Fire      0%         6d3       100%        6
 Summon Cactus Giant      Summ           0%         N/A       100%        6
 Enfeeble                 Hex            0%         N/A       100%        7
 Chain Lightning          Conj/Air       0%         N/A       100%        9
 Fire Storm               Conj/Fire      0%         5d1       100%        9
 Shatter                  Erth           0%         3d5*      100%        9


Dungeon Overview and Level Annotations

Branches:
Dungeon (15/15)            Temple (1/1) D:6            Lair (5/6) D:11
 Shoals (0/4) Lair:3       Spider (1/4) Lair:2          Orc (2/2) D:12
    Elf (0/3) Orc:2        Vaults (0/5) D:14         Depths (0/4) D:15
Gauntlet (visited)
  Slime: Lair:5-6

Altars:
Ashenzari
Cheibriados
Dithmenos
Elyvilon
Fedhas
Gozag
Hepliaklqana
Kikubaaqudgha
Makhleb
Nemelex Xobeh
Okawaru
Qazlal
Ru
Sif Muna
Trog
Uskayaw
Vehumet
Wu Jian
Xom
Yredelemnul
Zin
The Shining One
Beogh

Shops:
Orc:2 (:=**(

Portals:
Trove: D:14 (give 2 scrolls of acquirement)

Annotations:
D:9 1 runed translucent door, Pelinal's ghost, journeyman MfIE


Innate Abilities, Weirdness & Mutations

You have razor-sharp teeth.
Your natural rate of healing is unusually fast.
When hurt, damage is shared between your health and your magic reserves.
Your bite disrupts and absorbs the magic of your enemies.
Potions cannot restore your health.


Message History

A wolf spider comes into view.
The meliai invokes the aid of its god against you.
Something smites you!
The meliai invokes the aid of its god against you.
Something smites you!
The meliai calls down the wrath of its god upon you.
Something smites you!
The meliai mumbles some strange prayers to its god against you.
Something smites you!
The meliai invokes the aid of its god against you.
Something smites you!
* * * LOW HITPOINT WARNING * * *
Aiming: Iceblast
Press: ? - help, Shift-Dir - straight line, f/p - meliai
Aim: a meliai, wielding a +0 hand axe and wearing a +0 robe (almost dead)
The mass of ice explodes!
The iceblast engulfs the meliai!!
The meliai is almost dead.
The iceblast engulfs the meliai!
The meliai is moderately wounded.
The iceblast engulfs the meliai.
The meliai is almost dead.
You hear an angry hiss. x3
The meliai mumbles some strange prayers to its god against you.
Something smites you!
* * * LOW HITPOINT WARNING * * *
An orb spider comes into view.
The meliai invokes the aid of its god against you.
Something smites you!
* * * LOW HITPOINT WARNING * * *
The meliai mumbles some strange prayers to its god against you.
Something smites you!
* * * LOW HITPOINT WARNING * * *
Okay, then.
Unknown command.
Blink to where?
Press: ? - help, Dir - move target, p - meliai
As you read the scroll of blinking, it crumbles to dust.
The meliai mumbles some strange prayers to its god against you.
Something smites you!
You die...

............≈≈#
≈........y..≈≈≈###
≈...........#..≈≈≈
.......yy......≈≈≈
...............≈≈≈
..............≈≈##
...............≈≈#
.........#.....###
.......@..≈....#
..........≈≈.###
........#≈≈≈≈#
....##..≈≈≈≈## ###
########


You could see 3 meliai.

Vanquished Creatures
  Rupert (D:12)
  Jorgrun (D:14)
  Kirke (Lair:5)
  Fannar (D:12)
  3 vault guards (D:14)
  A jorogumo (Lair:2)
  3 hydras
  The ghost of royokou the Destroyer, a journeyman DECj of Vehumet (Lair:2)
  2 boulder beetles (D:14)
  2 ogre magi (Orc:2)
  15 two-headed ogres
  4 centaur warriors
  2 tengu warriors
  A death yak (D:11)
  Urug (D:13)
  Amaemon (D:10)
  Lodul (D:14)
  A bog body (D:11)
  2 deep trolls
  3 orc knights
  2 wizards (D:14)
  3 necromancers
  18 ugly things
  2 manticores
  3 orc sorcerers
  An oklob plant (Lair:1)
  6 cyclopes
  5 elephants
  Joseph (D:7)
  2 naga magi (D:15)
  3 black mambas
  A centaur skeleton (D:15)
  2 gargoyles
  An ice statue (Lair:1)
  An orange demon (D:10)
  Maggie (D:8)
  A demonic crawler (Lair:2)
  15 cane toads
  An unseen horror (D:11)
  6 rime drakes
  A kobold demonologist (D:14)
  3 komodo dragons
  An efreet (D:12)
  A yaktaur (D:14)
  12 trolls
  3 polar bears
  7 blink frogs
  A tarantella (Lair:2)
  5 hornets (Lair:3)
  A wind drake (Lair:3)
  A blink frog (shapeshifter) (D:15)
  Prince Ribbit (D:8)
  9 slime creatures
  A jumping spider (Lair:2)
  2 shadows
  A spriggan (shapeshifter) (D:15)
  2 centaur simulacra (D:15)
  5 culicivoras (Lair:2)
  5 wyverns
  A vampire (D:12)
  A dire elephant simulacrum (Lair:1)
  A water elemental (D:11)
  A steam dragon (D:7)
  Eustachio (D:6)
  32 yaks
  2 death yak simulacra (Lair:1)
  18 humans (D:14)
  2 redbacks (Lair:2)
  A hog (Lair:5)
  8 vampire mosquitoes
  3 basilisks
  A redback simulacrum (D:15)
  2 wargs
  2 swamp worms (Lair:2)
  An acid dragon (D:12)
  12 water moccasins
  2 ice beasts
  4 sky beasts
  19 orc warriors
  A black bear (D:6)
  2 centaurs
  32 ogres
  5 wolves
  2 phantoms (D:5)
  8 kobold brigands
  Blork the orc (D:4)
  10 bullfrogs
  A gnoll sergeant (D:8)
  7 necrophages
  A water moccasin zombie (D:5)
  A wyvern zombie (D:6)
  6 scorpions
  A two-headed ogre simulacrum (Lair:1)
  A hornet simulacrum (D:15)
  9 wights
  16 killer bees
  2 vampire bats (D:6)
  2 electric eels (D:11)
  4 howler monkeys
  3 centaur zombies
  19 orc priests
  2 gnoll shamans
  A jelly (D:8)
  A bullfrog zombie (D:5)
  A human zombie (D:5)
  8 hounds
  Crazy Yiuf (D:7)
  2 iguanas
  17 orc wizards
  A scorpion zombie (D:5)
  A troll simulacrum (Lair:1)
  A mummy (D:5)
  A howler monkey zombie (D:5)
  10 gnolls
  8 adders
  2 white imps (D:11)
  4 ufetubi
  2 dart slugs
  82 orcs
  9 ball pythons
  10 endoplasms
  4 giant cockroaches
  11 hobgoblins
  4 jackals (D:4)
  28 kobolds
  6 quokkas
  7 bats
  6 frilled lizards
  9 goblins
  4 rats
  A bush (Lair:1)
676 creatures vanquished.

Vanquished Creatures (collateral kills)
  Sonja (Orc:2)
  An orc knight (Orc:2)
  2 orc warriors (D:15)
  An orc wizard (Orc:2)
  3 orcs
8 creatures vanquished.

Vanquished Creatures (others)
  A human (Lair:5)
  An orc wizard (D:11)
  An orc (D:8)
  18 fungi
  A pillar of salt (D:15)
  32 plants
  2 withered plants (Lair:2)
56 creatures vanquished.

Grand Total: 740 creatures vanquished

Notes
Turn   | Place    | Note
-------+----------+-------------------------------------------
     0 | D:1      | porpoise the Vine Stalker Fighter began the quest for the
                  | Orb.
     0 | D:1      | Reached XP level 1. HP: 11/11 MP: 2/2
   315 | D:1      | Reached XP level 2. HP: 16/16 MP: 3/3
   392 | D:1      | Reached skill level 3 in Fighting
   392 | D:1      | Reached skill level 1 in Stealth
   711 | D:1      | Reached XP level 3. HP: 17/20 MP: 2/4
  2011 | D:3      | Gained mutation: Your natural rate of healing is unusually
                  | fast. [Vine Stalker growth]
  2011 | D:3      | Reached XP level 4. HP: 23/23 MP: 5/5
  2723 | D:4      | Noticed a necrophage
  2727 | D:4      | Killed a necrophage
  2728 | D:4      | Reached skill level 4 in Fighting
  2728 | D:4      | Reached XP level 5. HP: 29/29 MP: 6/6
  2730 | D:4      | Noticed Blork the orc
  2753 | D:4      | Killed Blork the orc
  2754 | D:4      | Reached XP level 6. HP: 27/33 MP: 7/7
  3293 | D:4      | Found a glowing golden altar of the Shining One.
  3475 | D:5      | Entered Level 5 of the Dungeon
  3710 | D:5      | Reached XP level 7. HP: 30/38 MP: 8/8
  3915 | D:5      | Reached skill level 5 in Fighting
  4199 | D:5      | Reached skill level 5 in Short Blades
  4325 | D:5      | Found an opulent altar of Gozag.
  4734 | D:5      | Gained mutation: You have razor-sharp teeth. [Vine Stalker
                  | growth]
  4734 | D:5      | Reached XP level 8. HP: 44/44 MP: 9/9
  4785 | D:5      | Reached skill level 5 in Stealth
  4789 | D:5      | Found an ancient bone altar of Kikubaaqudgha.
  4804 | D:5      | Reached skill level 6 in Fighting
  5225 | D:6      | Found a staircase to the Ecumenical Temple.
  5248 | Temple   | Entered the Ecumenical Temple
  5308 | Temple   | Became a worshipper of Zin the Law-Giver
  5308 | Temple   | Reached * piety under Zin
  5428 | D:6      | Reached skill level 7 in Fighting
  5428 | D:6      | Reached XP level 9. HP: 50/50 MP: 10/10
  5433 | D:6      | Reached ** piety under Zin
  5434 | D:6      | Found a basalt altar of Yredelemnul.
  5496 | D:6      | Found a hide-covered altar of Uskayaw.
  5551 | D:6      | Reached skill level 1 in Invocations
  5566 | D:6      | Found a blossoming altar of Fedhas.
  5581 | D:6      | Noticed Eustachio
  5614 | D:6      | Killed Eustachio
  6591 | D:7      | Noticed Joseph
  6744 | D:7      | Found a sacrificial altar of Ru.
  6917 | D:7      | Reached skill level 5 in Invocations
  6981 | D:7      | Reached XP level 10. HP: 39/55 MP: 15/15
  7203 | D:7      | Killed Joseph
  7298 | D:7      | Reached *** piety under Zin
  7587 | D:7      | Found a runed translucent door.
  7588 | D:7      | Noticed Crazy Yiuf
  7593 | D:7      | Identified the +5 mace of Mayhem {vorpal, *Slow rElec rN++
                  | Int+3}
  7595 | D:7      | Killed Crazy Yiuf
  7811 | D:8      | Noticed Prince Ribbit
  7817 | D:8      | Noticed Maggie
  7819 | D:8      | Killed Prince Ribbit
  7834 | D:8      | Killed Maggie
  8313 | D:8      | Noticed a tengu warrior
  8315 | D:8      | Noticed a two-headed ogre
  8326 | D:8      | Killed a tengu warrior
  8327 | D:8      | Reached skill level 10 in Short Blades
  8331 | D:8      | Killed a two-headed ogre
  8350 | D:8      | Reached XP level 11. HP: 54/58 MP: 17/17
  9013 | D:9      | Reached skill level 5 in Shields
  9104 | D:9      | Noticed Pelinal's ghost (journeyman MfIE)
  9113 | D:9      | Reached **** piety under Zin
  9116 | D:9      | Found a runed translucent door.
  9216 | D:9      | Found a bloodstained altar of Trog.
  9362 | D:9      | Found a white marble altar of Elyvilon.
  9782 | D:9      | Identified the +8 longbow "Gytua" {venom, rF+ Will+ Str-5
                  | Int+5}
  9870 | D:10     | Entered Level 10 of the Dungeon
  9870 | D:10     | Noticed Amaemon
 10093 | D:10     | Found a radiant altar of Vehumet.
 10177 | D:10     | Noticed a two-headed ogre
 10190 | D:10     | Killed a two-headed ogre
 10312 | D:10     | Reached skill level 8 in Fighting
 10419 | D:10     | Noticed a two-headed ogre
 10422 | D:10     | Killed a two-headed ogre
 10485 | D:10     | Killed Amaemon
 10486 | D:10     | Reached skill level 5 in Armour
 10665 | D:10     | Reached skill level 9 in Fighting
 10680 | D:10     | Reached skill level 1 in Dodging
 10948 | D:10     | Noticed a two-headed ogre
 10960 | D:10     | Killed a two-headed ogre
 11301 | D:11     | Reached XP level 12. HP: 65/66 MP: 18/18
 11706 | D:11     | Reached ***** piety under Zin
 11883 | D:11     | Found a staircase to the Lair.
 12097 | D:11     | Upgraded the game from 0.29-a0-393-g47a863cc1b to
                  | 0.29-a0-397-g846e4a0bbc
 12309 | D:12     | Found a staircase to the Orcish Mines.
 12621 | D:12     | Noticed Fannar
 12687 | D:12     | Killed Fannar
 12800 | D:12     | Noticed Rupert
 12866 | Lair:1   | Entered Level 1 of the Lair of Beasts
 12874 | Lair:1   | Noticed a death yak
 12889 | D:11     | Reached skill level 5 in Dodging
 13042 | D:11     | Killed a death yak
 13881 | Lair:1   | Noticed a four-headed hydra
 13890 | Lair:1   | Killed a four-headed hydra
 13891 | Lair:1   | Reached skill level 10 in Fighting
 15047 | Lair:2   | Reached XP level 13. HP: 72/72 MP: 20/20
 15097 | Lair:2   | Found a hole to the Spider Nest.
 15838 | Lair:2   | Found a runed translucent door.
 15840 | Lair:2   | Noticed royokou's ghost (journeyman DECj)
 16767 | Lair:2   | Identified the +7 shortbow of the King {flame, Will+}
 16770 | Lair:2   | Identified the +7 glaive of Eternal War {drain, rC+}
 17038 | Lair:3   | Reached skill level 11 in Fighting
 17063 | Lair:3   | Found a gate leading to a gauntlet.
 17092 | Gauntlet | Entered a Gauntlet
 17092 | Gauntlet | Found a transporter.
 17092 | Gauntlet | Found a transporter.
 17100 | Gauntlet | Found a transporter.
 17106 | Gauntlet | Found a transporter.
 17114 | Gauntlet | Found a transporter.
 17118 | Gauntlet | Found a transporter.
 17126 | Gauntlet | Found a transporter.
 17140 | Gauntlet | Found a runed translucent door.
 17142 | Gauntlet | Found a transporter.
 17143 | Gauntlet | Found the necklace of Bloodlust {*Rage Will++ Int-3 Slay+6}
 17144 | Gauntlet | Found a runed translucent door.
 17156 | Gauntlet | Found a transporter.
 17160 | Gauntlet | Found a transporter.
 17162 | Gauntlet | Found a runed translucent gate.
 17162 | Gauntlet | Found a runed translucent gate.
 17162 | Gauntlet | Found a runed translucent gate.
 17168 | Gauntlet | Found a transporter.
 17172 | Gauntlet | Found a transporter.
 17554 | Lair:3   | Found a staircase to the Shoals.
 18839 | Lair:4   | Reached skill level 1 in Evocations
 18853 | Lair:4   | Reached skill level 12 in Fighting
 19532 | Lair:5   | Noticed Kirke
 19559 | Lair:5   | Killed Kirke
 19560 | Lair:5   | Reached XP level 14. HP: 78/80 MP: 22/22
 20950 | D:12     | Reached skill level 10 in Invocations
 20992 | D:12     | Reached skill level 5 in Evocations
 21254 | D:12     | HP: 4/80 [Rupert/+0 great sword of holy wrath (18)]
 21260 | D:12     | Killed Rupert
 21953 | D:13     | Reached ****** piety under Zin
 22841 | D:13     | Noticed Urug
 22852 | D:13     | Killed Urug
 23190 | D:14     | Reached skill level 10 in Stealth
 23348 | D:14     | Found a gate to the Vaults.
 23724 | D:14     | Noticed Lodul
 23732 | D:14     | Killed Lodul
 23922 | D:14     | Noticed Jorgrun
 23950 | D:14     | Killed Jorgrun
 24200 | D:14     | Found a portal to a secret trove of treasure.
 24316 | D:14     | Reached skill level 1 in Long Blades
 24654 | D:15     | Entered Level 15 of the Dungeon
 24756 | D:15     | Reached XP level 15. HP: 84/84 MP: 25/25
 24980 | D:15     | Identified a scroll of acquirement
 25009 | D:15     | Found a shimmering altar of Xom.
 25491 | D:15     | Reached skill level 13 in Fighting
 25547 | D:15     | Found a staircase to the Depths.
 26261 | Lair:2   | Killed royokou's ghost
 26305 | Lair:2   | Upgraded the game from 0.29-a0-397-g846e4a0bbc to
                  | 0.29-a0-398-ge13fd1374b
 26398 | Orc:1    | Entered Level 1 of the Orcish Mines
 26926 | Orc:2    | Entered Level 2 of the Orcish Mines
 26934 | Orc:2    | Found a staircase to the Elven Halls.
 27289 | Orc:2    | Noticed Sonja
 27315 | Orc:2    | Killed Sonja
 27475 | Orc:2    | Found Nutokupp's Weapon Emporium.
 27494 | Orc:2    | Found Carebrec's Gadget Gallery.
 27731 | Orc:1    | Reached skill level 14 in Fighting
 28092 | Orc:2    | Found Lyhemm's Book Shop.
 28094 | Orc:2    | Found Hexabb's Assorted Antiques.
 28099 | Orc:2    | Found Beubatos's Weapon Shoppe.
 28122 | Orc:2    | Bought a blackened sapphire ring for 195 gold pieces
 28122 | Orc:2    | Bought a shiny ring mail for 273 gold pieces
 28127 | Orc:2    | Found Neheoh's Jewellery Boutique.
 28686 | Spider:1 | Entered Level 1 of the Spider Nest
 28843 | Lair:2   | Reached XP level 16. HP: 90/93 MP: 26/26
 28865 | Spider:1 | Killed from afar by a meliai

Illustrated notes

Levels and vault maps discovered:
D:1:      dpeg_arrival_water_temple_mockup, layout_basic, st_stairs_6
D:2:      layout_loops_cross
D:3:      layout_rooms, serial_bayou_crossing
D:4:      layout_rooms, mainiacjoe_overflow_cross_hatched,
          serial_co_window_serial, co_window_paths_a,
          co_window_of_opportunity_a, co_window_corner_a, co_window_paths_a,
          co_window_paths_b, co_window_broadway_c, co_window_cross_4,
          co_window_of_opportunity_c, co_window_paths_e, glass_columns_a,
          glass_columns_c, glass_columns_a, glass_columns_a, uniq_blork_the_orc
D:5:      layout_basic, grunt_gozag_breadcrumbs,
          lemuel_mausoleum_altar_kikubaaqudgha
D:6:      layout_loops_cross, lemuel_zombie_altar_yredelemnul, fedhas_altar_2,
          nicolae_uskayaw_suspiria, temple_pool_b, st_stairs_7, roderic_batcave,
          minivault_5, uniq_eustachio
D:7:      layout_loops_ring, nicolae_ru_path_of_blood, minmay_fractal_squares_5,
          uniq_joseph, uniq_crazy_yiuf_cottage
D:8:      kennysheep_ambush_hall, layout_gridville,
          chequers_serial_rivers_micro_a, chequers_garden, uniq_maggie,
          uniq_prince_ribbit1
D:9:      layout_basic, trog_hazing_becter, mainiacjoe_overflow_tiny_flanked,
          hellmonk_ghost_big_iron, lightli_orcish_oven
D:10:     layout_cave_pods, nicolae_overflow_hidden_temple, uniq_amaemon
D:11:     layout_basic, erik_lair_island, special_room [special_room_orc]
D:12:     layout_loops_corners, orc_0_dummy, uniq_fannar, uniq_rupert
D:13:     layout_roguey, uniq_urug
D:14:     layout_loops_corners, grunt_vaults_entry_tiered,
          nicolae_concentric_dashed_squares_wild, nicolae_trove_entry_crossroad,
          due_unseen_surprise, uniq_lodul, uniq_jorgrun
D:15:     grunt_enter_depths_magical_seal, layout_gridville, xom_teletrap_fun
Temple:   nicolae_temple_x_marks_the_god
Lair:1:   dreamdust_isle_of_ice, layout_loops_ring, minmay_lair_oklob_bushes,
          grunt_megastairs_1
Lair:2:   layout_gridlike, nicolae_spider_entry_tight_spaces,
          gammafunk_ghost_grave, worms_lemuel, lemuel_fruit_tree
Lair:3:   layout_regular_city, minmay_shoals_entry_beasts,
          gauntlet_entry_generic, dreamdust_wasp_nest
Lair:4:   layout_misc_corridors, beast_lair_carwin_10,
          infiniplex_staircase_pool, serial_bayou_shore_b, grunt_megastairs_3
Lair:5:   layout_small_grid, uniq_kirke
Spider:1: layout_spider_delve, hangedman_spider_tarantella_strand, uniq_frances
Orc:1:    layout_caves
Orc:2:    st_orc_open, layout_diamond_mine, serial_shops, shop,
          nicolae_shop_gadgets, uniq_sonja

Skill      XL: |  1  2  3  4  5  6  7  8  9 10 11 12 13 14 15 |
---------------+----------------------------------------------+-----
Short Blades   | 2 3 4 5 6 8 10 | 10.0
Fighting       | 3 4 5 7 9 10 12 14 | 14.0
Stealth        | 1 2 3 4 6 8 9 12 | 12.0
Invocations    | 5 7 9 12 13 | 13.2
Shields        | 4 5 6 |  6.1
Armour         | 5 7 |  7.0
Dodging        | 2 6 7 |  7.0
Evocations     | 4 5 |  5.0
Long Blades    | 2 4 |  4.7

Action                   |  1- 3 |  4- 6 |  7- 9 | 10-12 | 13-15 | 16-18 || total
-------------------------+-------+-------+-------+-------+-------+-------++-------
Melee: Rapier            |    71 |       |    26 |     4 |       |       ||   101
       Bite              |    15 |    29 |   149 |   345 |   766 |       ||  1304
       Dagger            |     7 |    99 |   388 |   828 |  1605 |       ||  2927
       Scimitar          |       |       |       |       |     4 |       ||     4
 Fire: Hunting sling     |    42 |    55 |    62 |   187 |   282 |     2 ||   630
Throw: Boomerang         |       |       |     1 |     1 |       |       ||     2
Invok: Recite            |       |       |     1 |     7 |    31 |       ||    39
       Vitalisation      |       |       |       |     2 |    14 |       ||    16
Evoke: Wand              |       |       |       |    11 |    18 |     1 ||    30
       Lightning rod     |       |       |       |     4 |    12 |       ||    16
       Phial of floods   |       |       |       |       |     2 |       ||     2
  Use: Scroll            |    11 |     3 |     6 |    10 |    12 |     1 ||    43
       Potion            |       |       |       |     4 |     5 |       ||     9
 Stab: Sleeping          |       |       |       |     5 |     3 |       ||     8
       Distracted        |       |       |       |     1 |       |       ||     1
       Confused          |       |       |       |     1 |    15 |       ||    16
       Invisible         |       |       |       |     2 |     4 |       ||     6
       Paralysed         |       |       |       |     1 |     4 |       ||     5
Armor: Scale mail        |    21 |    29 |   127 |     1 |    72 |       ||   250
       Acid dragon scale |       |       |       |    77 |       |       ||    77
       Ring mail         |       |       |       |     4 |    89 |       ||    93
       Leather armour    |       |       |       |     4 |       |       ||     4
       Chain mail        |       |       |       |   108 |   158 |       ||   266
Dodge: Dodged            |    29 |    46 |   157 |   223 |   521 |       ||   976
Block: Buckler           |    14 |    36 |    94 |   190 |   308 |       ||   642

Table legend: (Time is in decaauts)
 A = Elapsed time spent in this place.
 B = Non-inter-level travel time spent in this place.
 C = Inter-level travel time spent in this place.
 D = Time resting spent in this place.
 E = Time spent auto-exploring this place.
 F = Levels seen in this place.
 G = Mean time per level.
                   A        B        C        D        E       F      G
               +--------+--------+--------+--------+--------+-----+--------+
         Total |  27940 |  25910 |   2030 |   5983 |  13714 |  25 | 1117.6 |
       Dungeon |  17837 |  16603 |   1234 |   3641 |   9005 |  15 | 1189.1 |
        Temple |     64 |     51 |     13 |      0 |     46 |   1 |   64.0 |
          Lair |   7911 |   7181 |    730 |   1743 |   3819 |   5 | 1582.2 |
   Spider Nest |     45 |     45 |      0 |      5 |      8 |   1 |   45.0 |
  Orcish Mines |   1947 |   1895 |     52 |    593 |    745 |   2 |  973.5 |
      Gauntlet |    134 |    134 |      0 |      0 |     91 |   1 |  134.0 |
               +--------+--------+--------+--------+--------+-----+--------+

Top non-repeatable levels by time:
  Lair:2: 2439 daAuts
  Lair:1: 1998 daAuts
    D:11: 1760 daAuts
     D:5: 1520 daAuts
    D:14: 1482 daAuts
     D:9: 1476 daAuts
    D:12: 1462 daAuts
     D:7: 1297 daAuts
  Lair:5: 1277 daAuts
    D:15: 1263 daAuts
    D:10: 1217 daAuts
     D:6: 1181 daAuts
  Lair:4: 1141 daAuts
     D:4: 1085 daAuts
     D:1: 1080 daAuts
